 Dungeon Crawl Stone Soup version 0.16.2-12-gd0ad4c3 (webtiles) character file.

1873 popsofctown the Holy Warrior (level 9, -9/93 HPs)
             Began as an Ogre Wanderer on Sept 29, 2015.
             Was a Priest of the Shining One.
             Mangled by an orc warrior
             ... wielding a +0 short sword
              (15 damage)
             ... on level 7 of the Dungeon.
             The game lasted 00:18:39 (10219 turns).

popsofctown the Holy Warrior (Ogre Wanderer)       Turns: 10219, Time: 00:18:39

Health: -9/93      AC:  4    Str: 26    XL:     9   Next: 14%
Magic:  31/31      EV: 10    Int:  6    God:    the Shining One [***...]
Gold:   497        SH:  0    Dex:  9    Spells: 0 memorised, 8 levels left

rFire  . . .     SeeInvis .     p - +2 war axe (chop)
rCold  . . .     Clarity  .     B - +1 robe "Qyamure" {MR++ Str+3 Int-4}
rNeg   + + .     SustAb   .     (shield restricted)
rPois  .         Gourm    +     (helmet restricted)
rElec  .         Spirit   .     (no cloak)
rCorr  .         Warding  .     (gloves unavailable)
rMut   .         Stasis   .     (boots unavailable)
MR     ++...                    n - amulet of the gourmand
Stlth  +.........               d - ring of magical power
                                i - ring of positive energy

@: glowing, very resistant to hostile enchantments, very unstealthy
A: unfitting armour, tough skin 1
a: Divine Shield, Renounce Religion


You were on level 7 of the Dungeon.
You worshipped the Shining One.
The Shining One was most pleased with you.
You were very full.

You visited 1 branch of the dungeon, and saw 7 of its levels.
You also visited: Ossuary.

You collected 705 gold pieces.
You spent 208 gold pieces at shops.

Inventory:

Hand weapons
 p - a +2 war axe of chopping (weapon)
Missiles
 k - 53 stones (quivered)
 A - 2 tomahawks
Armour
 B - the +1 robe "Qyamure" (worn) {MR++ Str+3 Int-4}
   (You bought it in a shop on level 6 of the Dungeon)

   It affects your strength (+3).
   It affects your intelligence (-4).
   It affects your resistance to hostile enchantments.
Jewellery
 b - an uncursed ring of magical power
 d - a ring of magical power (right hand)
 i - a ring of positive energy (left hand)
 n - an amulet of the gourmand (around neck)
 u - a cursed ring of magical power
Magical devices
 r - a wand of fireball (3)
 C - a wand of polymorph (16)
Scrolls
 g - 5 scrolls of identify
 j - 6 scrolls of remove curse
 m - 4 scrolls of magic mapping
 q - a scroll of amnesia
 y - a scroll of teleportation
Potions
 c - 4 potions of curing
 l - a potion of might
 s - a potion of magic {unknown}
 w - a potion of haste {unknown}
 z - 3 potions of resistance {unknown}
 D - 2 potions of brilliance {unknown}
 E - a potion of cancellation {unknown}
 F - a potion of restore abilities {unknown}
Comestibles
 f - 4 meat rations
 h - 2 slices of pizza
 o - 2 fruits
 t - 6 bread rations
 x - a royal jelly


   Skills:
 - Level 7.1 Fighting
   Level 1.0 Polearms
 - Level 5.0 Throwing
 - Level 2.0 Armour
 - Level 3.1 Dodging
 - Level 1.5 Stealth
 + Level 10.3 Invocations


You had 8 spell levels left.
You didn't know any spells.

Dungeon Overview and Level Annotations

Branches:
Dungeon (7/15)             Temple (0/1) D:7

Altars:
Fedhas
Kikubaaqudgha
Nemelex Xobeh
Okawaru
Vehumet
Xom
Yredelemnul
The Shining One

Shops:
D:6 [[


Innate Abilities, Weirdness & Mutations

You are too large for most types of armour.
You have tough skin (AC +1).


Message History

You slash the orc!
You kill the orc!
You hit the orc.
The orc is heavily wounded.
The orc hits you with a quarterstaff.
You slash the orc!
You kill the orc!
Things that are here:
a quarterstaff; a club; an orc corpse You hit the orc warrior but do no damage.
The orc warrior hits you with a short sword! x2
You hit the orc warrior but do no damage.
The orc warrior hits you with a short sword!
* * * LOW HITPOINT WARNING * * *
You hit the orc warrior.
The orc warrior is lightly wounded.
The orc warrior hits you with a short sword!
* * * LOW HITPOINT WARNING * * *
The orc warrior hits you with a short sword!
You die...

#.#.....##.## ##..## #
##.......##.# #..## ###
.#.#.....##.### #.## #..
.####..####...#######
#.######.. ##
##..#8..........# #.##....(.
#
#........####..####.##.#####
# ##..##...####....≈§≈...# #
#######<.......≈§§§≈..# ##
##..@o..≈§≈≈≈§≈.# .##
#......§§§>§§§## ..####
##......≈§≈§§§≈# .....#
#..#####.≈§§≈≈.. ###..# #..#
..≈§≈...# # #.## #.##
.###...# #.# #.. ###. #.#
#.## #.# #.#


You could see an orc warrior.

Vanquished Creatures
  The ghost of Skull the Thaumaturge, an experienced DEWz of Makhleb (D:7)
  An ice beast (D:7)
  A black bear (D:7)
  A phantom (D:4)
  3 centaurs (D:6)
  2 giant frogs (D:7)
  2 killer bees (D:7)
  2 scorpions
  A goliath beetle (D:7)
  2 crimson imps
  A hound (D:7)
  An electric eel (D:6)
  A centaur skeleton (D:4)
  An orc priest (D:6)
  3 worker ants
  2 iguanas
  2 orc wizards (D:6)
  8 mummies (Ossuary)
  Robin (D:3)
  2 shadow imps (D:5)
  5 adders
  4 giant mites
  5 worms
  2 giant geckos
  An ooze (D:2)
  12 orcs
  11 bats
  2 bat skeletons
  A bat zombie (D:5)
  9 giant cockroaches
  14 goblins
  16 hobgoblins
  3 jackals (D:3)
  12 kobolds
  3 quokkas
  2 ball pythons
  A giant gecko skeleton (D:6)
  8 giant newts
  6 hobgoblin zombies (Ossuary)
  A jackal zombie (D:6)
  2 orc zombies (Ossuary)
  A quokka skeleton (D:4)
  11 rats
  A spectral orc (D:4)
171 creatures vanquished.

Vanquished Creatures (others)
  A killer bee (D:7)
  A jelly (D:7)
  An orc wizard (D:7)
  An orc (D:7)
  2 giant spores (D:7)
  A goblin (D:7)
  5 ballistomycetes (D:7)
12 creatures vanquished.

Grand Total: 183 creatures vanquished

Notes
Turn   | Place    | Note
--------------------------------------------------------------
     0 | D:1      | popsofctown, the Ogre Wanderer, began the quest for the Orb.
     0 | D:1      | popsofctown set off with: a +2 spear, a +0 mace, a potion of curing, a +0 robe, a +0 dagger, a meat ration
     0 | D:1      | Reached XP level 1. HP: 29/29 MP: 1/1
    57 | D:1      | Found a sparkling altar of Nemelex Xobeh.
   303 | D:1      | Reached skill level 7 in Fighting
   306 | D:1      | Reached XP level 2. HP: 32/40 MP: 2/2
   617 | D:1      | Reached skill level 1 in Throwing
   833 | D:2      | Reached XP level 3. HP: 44/46 MP: 3/3
  1332 | D:2      | Found a glowing golden altar of the Shining One.
  1335 | D:2      | Became a worshipper of the Shining One
  1379 | D:2      | Reached XP level 4. HP: 37/55 MP: 4/4
  1844 | D:2      | Found a glowing golden altar of the Shining One.
  2214 | D:2      | Found a blossoming altar of Fedhas.
  2215 | D:2      | Found a radiant altar of Vehumet.
  2562 | D:3      | Noticed Robin
  2825 | D:3      | Reached XP level 5. HP: 39/62 MP: 5/5
  3472 | D:3      | Reached skill level 5 in Throwing
  3721 | D:3      | Killed Robin
  4044 | D:4      | Found a basalt altar of Yredelemnul.
  4118 | D:4      | Noticed a phantom
  4137 | D:4      | Killed a phantom
  4137 | D:4      | Reached XP level 6. HP: 28/71 MP: 6/6
  4351 | D:4      | Found an iron altar of Okawaru.
  4630 | D:4      | Acquired the Shining One's first power
  4859 | D:5      | Entered Level 5 of the Dungeon
  4993 | D:5      | Reached skill level 1 in Invocations
  5554 | D:5      | Found a shimmering altar of Xom.
  6191 | D:6      | Reached XP level 7. HP: 60/78 MP: 9/9
  6848 | D:6      | Found Mne Deor's Antique Armour Boutique.
  7018 | D:6      | Bought a glowing robe for 18 gold pieces
  7366 | D:6      | Found Mnuucs' Armour Shop.
  7371 | D:6      | Bought the +1 robe "Qyamure" {MR++ Str+3 Int-4} for 190 gold pieces
  7405 | D:6      | Found an ancient bone altar of Kikubaaqudgha.
  7548 | D:6      | Reached skill level 5 in Invocations
  7685 | D:6      | Reached XP level 8. HP: 18/87 MP: 17/17
  8368 | D:7      | Found a sand-covered staircase.
  8372 | Ossuary  | Entered an ossuary
  8378 | Ossuary  | Acquired the Shining One's second power
  8944 | D:7      | Reached skill level 8 in Invocations
  9273 | D:7      | Found a staircase to the Ecumenical Temple.
  9399 | D:7      | Noticed Skull's ghost (experienced DEWz)
  9417 | D:7      | Killed Skull's ghost
  9417 | D:7      | Reached skill level 9 in Invocations
  9631 | D:7      | Reached XP level 9. HP: 68/93 MP: 22/22
  9930 | D:7      | Reached skill level 10 in Invocations
 10219 | D:7      | Mangled by an orc warrior

Action                   |  1- 3 |  4- 6 |  7- 9 || total
-------------------------+-------+-------+-------++-------
Melee: Spear             |    50 |   147 |       ||   197
       Trident           |    31 |       |       ||    31
       War axe           |       |    88 |   147 ||   235
Throw: Stone             |    43 |    59 |    16 ||   118
Invok: Divine Shield     |       |       |     1 ||     1
  Use: Scroll            |     1 |     6 |     5 ||    12
       Potion            |       |     1 |     2 ||     3
 Stab: Sleeping          |     1 |     2 |       ||     3
  Eat: Chunk             |     1 |    23 |    15 ||    39
       Fruit             |       |     1 |       ||     1
